 Dungeon Crawl Stone Soup version 0.20.1-1-g8b1a95d (webtiles) character file.

1940 HammerPanzer the Agent of Entropy (level 8, -1/63 HPs)
             Began as a Demonspawn Abyssal Knight on Nov 3, 2017.
             Was a Priest of Lugonu.
             Slain by an unseen horror (4 damage)
             ... on level 7 of the Dungeon.
             The game lasted 00:21:29 (6974 turns).

HammerPanzer the Agent of Entropy (DsAK)            Turns: 6974, Time: 00:21:30

Health: -1/63      AC:  7    Str: 15    XL:     8   Next: 98%
Magic:  12/12      EV: 11    Int: 16    God:    Lugonu [***...]
Gold:   322        SH:  3    Dex: 12    Spells: 15/15 levels left

rFire    . . .     SeeInvis .   s - +2 scimitar
rCold    . . .     Gourm    .   t - +0 buckler
rNeg     . . .     Faith    +   F - +0 scale mail
rPois    +         Spirit   .   (helmet restricted)
rElec    .         Reflect  .   (no cloak)
rCorr    .         Harm     .   (no gloves)
MR       .....                  (no boots)
Stlth    ..........             b - amulet of faith
Regen    0.2/turn               j - +3 ring of evasion
MPRegen  0.2/turn               x - ring of poison resistance

@: berserk cooldown, slowed, very slow
A: antennae 2, clever 1, demonic guardian 1, low mp 1, powered by death 1,
MP-powered wands
a: Depart the Abyss, Bend Space, Banish, Renounce Religion


You were on level 7 of the Dungeon.
You worshipped Lugonu.
Lugonu was most pleased with you.
You were not hungry.

You visited 1 branch of the dungeon, and saw 7 of its levels.
You visited the Abyss 1 time.

You collected 378 gold pieces.
You spent 56 gold pieces at shops.

Inventory:

Hand Weapons
 s - a +2 scimitar (weapon)
Armour
 t - a +0 buckler (worn)
 F - a +0 scale mail (worn)
Jewellery
 b - an amulet of faith (around neck)
 j - a +3 ring of evasion (left hand)
 x - a ring of poison resistance (right hand)
 C - an uncursed ring of stealth
Wands
 p - a wand of confusion (19/48)
 v - a wand of digging (8/24)
 D - a wand of iceblast (4/15)
 E - a wand of lightning (5/15)
Scrolls
 a - a scroll of fog
 d - 5 scrolls of teleportation
 h - 3 scrolls of remove curse
 i - 4 scrolls of amnesia
 u - 2 scrolls of magic mapping
 y - a scroll of enchant weapon
 z - a scroll of summoning {unknown}
 G - a scroll of enchant armour
Potions
 e - a potion of ambrosia
 f - a potion of might {unknown}
 n - 2 potions of flight
 q - a potion of haste {unknown}
 r - 3 potions of curing
 w - a potion of lignification {unknown}
 B - a potion of brilliance {unknown}
 H - a potion of agility {unknown}
Comestibles
 c - 6 bread rations
 k - 3 meat rations
 l - 3 royal jellies
 m - 11 fruits
 A - 4 chunks of flesh


   Skills:
 + Level 5.6 Fighting
 * Level 6.1 Long Blades
 + Level 4.6 Armour
 - Level 0.8 Dodging
 + Level 4.0 Spellcasting
 + Level 7.1 Invocations


You had 15 spell levels left.
You didn't know any spells.

Dungeon Overview and Level Annotations

Branches:
Dungeon (7/15)             Temple (0/1) D:4

Altars:
Ashenzari
Cheibriados
Elyvilon
Gozag
Kikubaaqudgha
Nemelex Xobeh
Uskayaw
Zin
The Shining One

Shops:
D:4 (

Annotations:
Abyss:1 Menkaure


Innate Abilities, Weirdness & Mutations

You have a pair of antennae on your head.
A weak demonic guardian rushes to your aid.
You regenerate a little health from kills.
Your mind is acute. (Int +2)
Your magical capacity is low. (-10% MP)
You expend magic power (3 MP) to strengthen your wands.


Message History

Something hits you. x2
You hit something but do no damage. Something hits you! Something hits you.
Something completely misses you.
You closely miss something. Something hits you but does no damage.
Something hits you. Something hits you!
* * * LOW HITPOINT WARNING * * *
Something hits you but does no damage.
You closely miss something. Something completely misses you.
Something hits you but does no damage. x2
You hit something but do no damage. Something hits you.
* * * LOW HITPOINT WARNING * * *
Something hits you.
* * * LOW HITPOINT WARNING * * *
You barely miss something. Something barely misses you.
Something hits you but does no damage. x2
You slash something! Something hits you.
* * * LOW HITPOINT WARNING * * *
Okay, then.
Something hits you.
You die...

#.#.#.# #.#.#.#
##.#.#.# #....#.###
#........#
#...##{#.#
#.####{#.# #.#
##{#.# #.# #@.#.#
#.# #.##.#
#.###.##.#####
#)...........##.#.#
#####.##...........
#.######.##.#.# #.#
... #.# #### #.#


There were no monsters in sight!

Vanquished Creatures
  The ghost of othur the Cleaver, a novice MiFi (D:5)
  A sky beast (D:6)
  A centaur (D:6)
  2 scorpions
  A crimson imp (D:5)
  A centaur zombie (D:5)
  3 hounds
  A bullfrog skeleton (D:4)
  An iguana (D:5)
  5 orc wizards
  Natasha (twice) (D:2)
  3 worker ants (D:4)
  2 hound zombies
  3 gnolls (D:1)
  3 adders
  7 river rats (D:5)
  2 shadow imps
  3 oozes
  An adder skeleton (D:4)
  4 worms
  2 dart slugs
  A leopard gecko (D:4)
  15 orcs
  A ball python (D:1)
  2 bats
  3 giant cockroaches
  8 goblins
  2 hobgoblins
  7 jackals
  11 quokkas
  8 frilled lizards
  7 kobolds
  A leopard gecko zombie (D:5)
  21 rats
  A withered plant (D:5)
137 creatures vanquished.

Vanquished Creatures (collateral kills)
  A sky beast (D:6)
  A necrophage (D:7)
  2 ogres
  A howler monkey (D:6)
  A crimson imp (D:3)
  Natasha (D:2)
  A worker ant (D:4)
  A hound skeleton (D:7)
  A worm (D:2)
  A leopard gecko (D:7)
  3 orcs (D:7)
  A quokka (D:5)
  A quokka skeleton (D:5)
  2 rats (D:5)
18 creatures vanquished.

Vanquished Creatures (others)
  A hippogriff (D:7)
  A black bear (D:7)
  3 ogres
5 creatures vanquished.

Grand Total: 160 creatures vanquished

Notes
Turn   | Place    | Note
-------+----------+-------------------------------------------
     0 | Abyss:1  | HammerPanzer the Demonspawn Abyssal Knight began the quest for the Orb.
     0 | Abyss:1  | Reached XP level 1. HP: 18/18 MP: 2/2
    64 | D:1      | Escaped the Abyss
   229 | D:1      | Gained mutation: A weak demonic guardian rushes to your aid. [demonic ancestry]
   229 | D:1      | Reached XP level 2. HP: 17/24 MP: 3/3
   367 | D:1      | Reached * piety under Lugonu
   470 | D:1      | Gained mutation: You have a pair of small antennae on your head. [demonic ancestry]
   470 | D:1      | Reached XP level 3. HP: 26/29 MP: 5/5
   614 | D:1      | Reached skill level 3 in Invocations
   642 | D:1      | HP: 1/29 [gnoll (4)]
  1362 | D:2      | Noticed a hand axe
  1363 | D:2      | Found a hide-covered altar of Uskayaw.
  1363 | D:2      | Noticed a hand axe
  1422 | D:2      | Noticed Natasha
  1430 | D:2      | Killed Natasha
  1430 | D:2      | Gained mutation: You have a pair of antennae on your head. [demonic ancestry]
  1430 | D:2      | Reached XP level 4. HP: 25/35 MP: 6/6
  1764 | D:2      | Found a sparkling altar of Nemelex Xobeh.
  1990 | D:2      | Found a faded altar of an unknown god.
  2143 | D:2      | Noticed Natasha
  2150 | D:2      | Killed Natasha
  2150 | D:2      | Reached skill level 1 in Spellcasting
  2238 | D:2      | Noticed Natasha
  2241 | D:2      | Killed Natasha
  2241 | D:2      | Reached skill level 4 in Invocations
  2241 | D:2      | Reached XP level 5. HP: 29/41 MP: 6/8
  2366 | D:3      | Reached ** piety under Lugonu
  2662 | D:3      | Found a glowing golden altar of the Shining One.
  2679 | D:3      | Found an opulent altar of Gozag.
  3182 | D:4      | Found Hyagh's Weapon Shoppe.
  3185 | D:4      | Bought a +0 scimitar for 56 gold pieces
  3394 | D:4      | Found a staircase to the Ecumenical Temple.
  3533 | D:4      | Noticed an ogre
  3578 | D:4      | Killed an ogre
  3578 | D:4      | Reached XP level 6. HP: 39/48 MP: 9/9
  3680 | D:4      | Gained mutation: Armour fits poorly on your strangely shaped body. [potion of mutation]
  3680 | D:4      | Gained mutation: Your spells are a little harder to cast, but a little more powerful. [potion of mutation]
  3680 | D:4      | Gained mutation: You can translocate small distances at will. [potion of mutation]
  3681 | D:4      | Lost mutation: Your spells are a little harder to cast, but a little more powerful. [potion of mutation]
  3681 | D:4      | Lost mutation: Armour fits poorly on your strangely shaped body. [potion of mutation]
  3681 | D:4      | Lost mutation: You can translocate small distances at will. [potion of mutation]
  3681 | D:4      | Gained mutation: Your muscles are strong. (Str +2) [potion of mutation]
  3681 | D:4      | Gained mutation: Your magical capacity is low. (-10% MP) [potion of mutation]
  3681 | D:4      | Gained mutation: Your mind is acute. (Int +2) [potion of mutation]
  4086 | D:4      | Reached skill level 5 in Invocations
  4546 | D:5      | Entered Level 5 of the Dungeon
  4585 | D:5      | Reached XP level 7. HP: 55/55 MP: 9/9
  4625 | D:5      | Found a snail-covered altar of Cheibriados.
  4660 | D:5      | Found an ancient bone altar of Kikubaaqudgha.
  4768 | D:5      | Noticed othur's ghost (novice MiFi)
  4901 | D:5      | Killed othur's ghost
  4901 | D:5      | Reached *** piety under Lugonu
  5552 | D:5      | Reached skill level 5 in Fighting
  5555 | D:5      | Gained mutation: You regenerate a little health from kills. [demonic ancestry]
  5555 | D:5      | Reached XP level 8. HP: 56/62 MP: 11/11
  5854 | D:5      | Reached skill level 5 in Long Blades
  5854 | D:5      | Reached skill level 6 in Invocations
  5889 | D:6      | Noticed Menkaure
  5890 | D:6      | Banished Menkaure
  6072 | D:6      | Lost mutation: Your muscles are strong. (Str +2) [mutagenic meat]
  6074 | D:6      | Gained mutation: You are clumsy. (Dex -2) [mutagenic meat]
  6075 | D:6      | Gained mutation: You expend magic power (3 MP) to strengthen your wands. [mutagenic meat]
  6076 | D:6      | Lost mutation: You are clumsy. (Dex -2) [mutagenic meat]
  6254 | D:6      | Found a glowing silver altar of Zin.
  6365 | D:6      | Found a shattered altar of Ashenzari.
  6521 | D:6      | Found a white marble altar of Elyvilon.
  6614 | D:7      | Noticed a hippogriff
  6622 | D:7      | Banished a hippogriff
  6665 | D:7      | Reached skill level 7 in Invocations
  6973 | D:7      | HP: 3/63 [something (2)]
  6974 | D:7      | Slain by an unseen horror

Skill      XL: |  1  2  3  4  5  6  7  8 |
---------------+-------------------------+-----
Long Blades    | 2 3 4 6 |  6.1
Armour         | 2 3 4 |  4.6
Invocations    | 3 4 5 7 |  7.1
Spellcasting   | 1 2 3 4 |  4.0
Fighting       | 4 5 |  5.6
Dodging        | |  0.8

Action                   |  1- 3 |  4- 6 |  7- 9 || total
-------------------------+-------+-------+-------++-------
Melee: Falchion          |    70 |   124 |       ||   194
       Scimitar          |       |    61 |   245 ||   306
Invok: Depart the Abyss  |     1 |       |       ||     1
       Banish            |       |       |     7 ||     7
  Use: Scroll            |     4 |    10 |     3 ||    17
       Potion            |       |     2 |     5 ||     7
 Stab: Distracted        |     1 |     1 |       ||     2
  Eat: Royal jelly       |     1 |       |       ||     1
       Chunk             |       |    10 |    15 ||    25
Armor: Leather armour    |    17 |    38 |    41 ||    96
       Scale mail        |       |       |    33 ||    33
Dodge: Dodged            |    52 |   118 |   141 ||   311
Block: Buckler           |       |       |    14 ||    14
       Rpst.: Falchion   |    18 |    24 |       ||    42
       Scimitar          |       |     8 |    48 ||    56
